Workbook

Sheet Stage 2
B2: Delivery Schedule (Form E)
B3: The evaluation should consider the overall project schedule from scoping through design, construction and opening to the public
B6: DESIGN-BID-BUILD
B7: Complete design and procure the Contractor
B8: Opportunities | G8: Obstacles | L8: Rating
B9: FALSE | C9: Schedule more predictable and more manageable | G9: FALSE | H9: Longer time linear process
G10: FALSE | H10: Lack industry input could add time
B11: FALSE | C11: Elements of design are completed prior to permitting, construction, etc. | G11: FALSE | H11: Design lead to change orders and schedule delays
B13: FALSE | C13: Shortest contractor procurement period | G13: FALSE | H13: Low bid selection may lead to potential delays and other adverse outcomes
B14: FALSE | C14: Time to communicate/discuss design with stakeholders
B16: FALSE | C16: Milestones can be easier to define
B17: DESIGN-BUILD
B18: D/B procured after 30% plans (NEPA approval)
B19: Opportunities | G19: Obstacles | L19: Rating
B20: FALSE | C20: Accelerate schedule through parallel process | G20: FALSE | H20: RFP development and procurement can be intensive
B22: FALSE | C22: Shifting schedule risk to DB team | G22: FALSE | H22: Undefined events or conditions found after procurement, but during design can impact schedule and cost
B23: FALSE | C23: Encumbers contruction funds more quickly
B25: FALSE | C25: Industry innovation into design and schedule
G26: FALSE | H26: Requires agency and stakeholder commitment to expedite design review
B27: FALSE | C27: More efficient procurement of long-lead items
G28: FALSE | H28: Design not under direct control of the owner
B29: FALSE | C29: Phased Design allows to start construction earlier
B31: FALSE | C31: Allows innovation in recouce loading and scheduling by DB team
B33: CM/GC
B34: Designer/Contractor begin work together at 50% plans
B35: Opportunities | G35: Obstacles | L35: Rating
B36: FALSE | C36: Ability to start pieces of construction or procurement of long lead items before entire design, ROW, etc. is complete (i.e. phased design) | G36: FALSE | H36: Potential for not reaching GMP and substantially delaying schedule
G38: FALSE | H38: Designer-contractor-agency disagreements can add delays
B40: FALSE | C40: Early identification and resolution of design and contruction issues (e.g., utility, ROW, and earthwork) | G40: FALSE | H40: Strong agency management is required to control schedule
G42: FALSE | H42: Design Changes/NOIs due to contractor input
B43: FALSE | C43: Shorter procurement then DB
B44: FALSE | C44: Team involvement for schedule optimization
B46: FALSE | C46: Continuous constructability review and VE
B48: FALSE | C48: Contractor input for phasing, constructability and traffic control may reduce overall schedule
B52: Project Complexity/Innovation (Form F)
B53: The evaluation should consider opportunities and timeframes of when issues and innovation can be addressed and resolved.
B56: DESIGN-BID-BUILD
B57: Fully resolve issues during design; innovation through VE and bidding options
B58: Opportunities | G58: Obstacles | L58: Rating
B59: FALSE | C59: Agencies can have more control of design of complex projects | G59: FALSE | H59: Innovations can add cost or time and restrain contractor's benefits
B61: FALSE | C61: Agency and consultant expertise can select innovation independently of contractor abilities | G61: FALSE | H61: No contractor input to optimize costs
G62: FALSE | H62: Limited flexibility for integrated design and construction solutions (limited to constructability)
B64: FALSE | C64: Opportunities for value engineering studies during design, more time for design solutions
G65: FALSE | H65: Difficult to assess contruction time and cost due to innovation
B67: FALSE | C67: Aids in consistency and maintainability | G67: FALSE | H67: Cannot design to a contractor's strength
B68: FALSE | C68: Full control in selection of design expertise
B70: FALSE | C70: Complex design is resolved and competitively bid
B72: DESIGN-BUILD
B73: Allows Contractor innovation in design development; utilizes ATCs in bidding
B74: Opportunities | G74: Obstacles | L74: Rating
B75: FALSE | C75: Designer and contractor collaborate to optimize means and methods and enhance innovation | G75: FALSE | H75: Requires desired solutions to complex designs to be well defined through technical requirements (difficult to do)
B78: FALSE | C78: Opportunity for innovation through draft RFP, best value, and ATC processes | G78: FALSE | H78: Qualitative designs are difficult to define (example. aesthetics) Need to be prescribed in RFP
B80: FALSE | C80: Can use best-value procurement to select design_x0002_builder with best qualifications
G81: FALSE | H81: Risk of time or cost constraints on designer inhibiting innovation
B83: FALSE | C83: Constructability and VE inherent in process | G83: FALSE | H83: Some design solutions might be too innovative or unacceptable
B85: FALSE | C85: Early team integration | G85: FALSE | H85: Quality assurance for innovative processes are difficult to define in RFP
B86: FALSE | C86: Sole point of responsibility
B87: CM/GC
B88: Jointly address complex innovative designs through three-party collaboration
B89: Opportunities | G89: Obstacles | L89: Rating
B90: FALSE | C90: Allows for agency control of a designer/contractor process for developing innovative solutions | G90: FALSE | H90: Designer/CM relationship critical
G91: FALSE | H91: No contractual relationship between designer/CM
B93: FALSE | C93: Allows for an independent selection of the best qualified designer and best qualified contractor | G93: FALSE | H93: Innovations can add cost or time
G94: FALSE | H94: Scope additions difficult to manage
G95: FALSE | H95: Preconstruction services fees for contractor involvement
B96: FALSE | C96: VE inherent in process and enhanced constructability
G97: FALSE | H97: Cost competitiveness – sole source negotiated GMP
B98: FALSE | C98: Risk of innovation can be better defined, minimized, and allocated
B100: FALSE | C100: Can take to market for bidding as contingency
B103: Design Completion (Form G)
B104: The evaluation should consider the level of completed design and its value to the project attributes.
B106: DESIGN-BID-BUILD
B107: 100% design by DelDOT
B108: Opportunities | G108: Obstacles | L108: Rating
B109: FALSE | C109: 100% design by agency | G109: FALSE | H109: Agency design errors can result in a higher number of change orders, claims, etc.
B110: FALSE | C110: Agency has complete control over the design (can be beneficial when there is one specific solution for a project)
G112: FALSE | H112: Minimizes competitive innovation opportunities
B113: FALSE | C113: Project/scope can be developed through design | G113: FALSE | H113: Can reduce level of constructability since the contractor does not buy into the project until after design is complete
B115: FALSE | C115: The scope of the project is well defined through complete plans and contract documents
B118: FALSE | C118: Well-known process to the industry
B119: DESIGN-BUILD
B120: Design advanced to 30% (NEPA) and completed by DB Team
B121: Opportunities | G121: Obstacles | L121: Rating
B122: FALSE | C122: Design advanced by the agency to level necessary to precisely define the contract requirements and properly allocate risk | G122: FALSE | H122: Must have clear definitions and requirements in the RFP because it is the basis for the contract
G125: FALSE | H125: If design is too far advanced, it will limit the advantages of design-build
B126: FALSE | C126: Does not require much design to be completed before awarding project to the design-builder (between ~ 10% - 30% complete)
G127: FALSE | H127: Potential for lacking or missing scope definition if RFP not carefully developed
G129: FALSE | H129: Overutilizing performance specifications to enhance innovation can risk quality through reduced technical requirements
B130: FALSE | C130: Contractor involvement in early design, which improves constructability and innovation
G132: FALSE | H132: Less agency control over the design
B133: FALSE | C133: Plans do not have to be as detailed because the design-builder is bought into the project early in the process and will accept design responsibility | G133: FALSE | H133: Can create project less standardized designs across agency as a whole
B137: CM/GC
B138: 50% design prior to Contractor procurement; remainder completed in collaboration
B139: Opportunities | G139: Obstacles | L139: Rating
B140: FALSE | C140: Can utilize a lower level of design prior to selecting a contractor then collaboratively advance design with agency, designer and contractor | G140: FALSE | H140: Teaming and communicating concerning design can cause disputes
G142: FALSE | H142: Three party process can slow progression of design
B144: FALSE | C144: Contractor involvement in early design improves constructability | G144: FALSE | H144: If design is too far advanced, it will limit the advantages of CM/GC or could require design backtracking
B146: FALSE | C146: Agency controls design
B147: FALSE | C147: Design can be used for DBB if the price is not successfully negotiated
B149: FALSE | C149: Design can be responsive to risk minimization
...

Sheet Stage 3
B2: Staff Experience and Availability (Form J)
B3: The evaluation should consider staff’s experience with various delivery methods and availability to participate in all phases.
B6: DESIGN-BID-BUILD
B7: Various resources spread out over development, design, and construction phases
B8: Opportunities | G8: Obstacles | L8: Rating
B9: FALSE | C9: Agency, contractors, and consultants have high level of experience with the traditional system | G9: FALSE | H9: Can require a high level of agency staffing of technical resources
G11: FALSE | H11: Staff’s responsibilities are spread out over a longer design period
B12: FALSE | C12: Designers can be more interchangeable between projects
G13: FALSE | H13: Can require staff to have full breadth of technical expertise
B15: DESIGN-BUILD
B16: Critical technical needs during RFQ and RFP stages; design and construction need throughout
B17: Opportunities | G17: Obstacles | L17: Rating
B18: FALSE | C18: Less agency staff required due to the sole source nature of DB | G18: FALSE | H18: Limitation of availability of staff with skills, knowledge, and personality to manage DB projects
B20: FALSE | C20: Opportunity to grow agency skill levels for staff by learning a new process
G21: FALSE | H21: Existing staff may need additional training to address their changing roles
G23: FALSE | H23: Need to “mass” agency management and technical resources at critical points in process (e.g., RFP development, design reviews)
B27: CM/GC
B28: Strong Agency commitment through collaborative process throughout
B29: Opportunities | G29: Obstacles | L29: Rating
B30: FALSE | C30: Agency can improve efficiencies by having more project managers on staff rather than specialized experts | G30: FALSE | H30: Strong committed agency project management is important to success
G32: FALSE | H32: Limitation of availability of staff with skills, knowledge, and personality to manage CM/GC projects
B33: FALSE | C33: Smaller number of technical staffs are required through use of consultant designer
G35: FALSE | H35: Existing staff may need additional training to address their changing roles
G37: FALSE | H37: Agency must learn how to negotiate a Proposed Construction Price (PCP)
B40: Oversight and Control Levels (Form K)
B41: The evaluation should consider Agency monitoring and control during design and construction phases.
B43: DESIGN-BID-BUILD
B44: Full control over linear design and construction process
B45: Opportunities | G45: Obstacles | L45: Rating
B46: FALSE | C46: Full agency control over a linear design and construction process | G46: FALSE | H46: Requires a high-level of oversight
G47: FALSE | H47: Increased likelihood of claims due to agency design responsibility
B48: FALSE | C48: Oversight roles are well understood
B49: FALSE | C49: Contract documents are typically completed in a single package before construction begins | G49: FALSE | H49: Limited control over an integrated design/construction process
B52: FALSE | C52: Multiple checking points through three linear phases: design-bid-build
B54: FALSE | C54: Maximum control over design
B55: DESIGN-BUILD
B56: Performance specs lead to less control in design; QA performed in construction by DB
B57: Opportunities | G57: Obstacles | L57: Rating
B58: FALSE | C58: A single entity responsibility during project design and construction | G58: FALSE | H58: Can require a high level of design oversight
G59: FALSE | H59: Can require a high level of quality assurance oversight
B60: FALSE | C60: Continuous execution of design and build
G61: FALSE | H61: Limitation on staff with DB oversight experience
B62: FALSE | C62: Getting input from construction to enhance constructability and innovation
G63: FALSE | H63: Less agency control over design
B64: FALSE | C64: Overall project planning and scheduling is established by one entity | G64: FALSE | H64: Control over design relies on proper development of technical requirements
B66: CM/GC
B67: Most control by Agency in design, construction, and collaborative Project Team
B68: Opportunities | G68: Obstacles | L68: Rating
B69: FALSE | C69: Preconstruction services are provided by the construction manager | G69: FALSE | H69: Agency must have experienced staff to oversee the CM/GC
B71: FALSE | C71: Getting input from construction to enhance constructability and innovation | G71: FALSE | H71: Higher level of cost oversight required
B73: FALSE | C73: Provides agency control over an integrated design/construction process
B76: Competition and Contractor Experience (Form L)
B77: The evaluation should consider available competition levels; availability; and experience of contracting community relative to project type, complexity, and capacity to perform the work.
B80: DESIGN-BID-BUILD
B81: High level of competition and experience; selection typically low-price based
B82: Opportunities | G82: Obstacles | L82: Rating
B83: FALSE | C83: Promotes a high level of competition in the marketplace | G83: FALSE | H83: Risks associated with selecting the low bid (the best contractor is not necessarily selected)
B85: FALSE | C85: Opens construction to all reasonably qualified bidders
G86: FALSE | H86: No contractor input into the process
B87: FALSE | C87: Transparency and fairness | G87: FALSE | H87: Limited ability to select contractor based on qualifications
B88: FALSE | C88: Reduced chance of corruption and collusion
B90: FALSE | C90: Contractors are familiar with DBB process
B91: DESIGN-BUILD
B92: Balance of price and non-price selection factors; experience varies by project type
B93: Opportunities | G93: Obstacles | L93: Rating
B94: FALSE | C94: Allows for a balance of qualifications and cost in design-builder procurement | G94: FALSE | H94: Need for DB qualifications can limit competition
B96: FALSE | C96: Two-phase process can promote strong teaming to obtain “Best Value” | G96: FALSE | H96: Lack of competition with experience with the project delivery method
B98: FALSE | C98: Increased opportunity for innovation possibilities due to the diverse project team | G98: FALSE | H98: Reliant on DB team selected for the project
G100: FALSE | H100: The gap between agency experience and contractor experience with delivery method can create conflict
B103: CM/GC
B104: Selecting most qualified contractor; typically, limited marketplace experience
B105: Opportunities | G105: Obstacles | L105: Rating
B106: FALSE | C106: Allows for qualifications-based contractor procurement | G106: FALSE | H106: Currently there is not a large pool of contractors with experience in CM/GC, which will reduce the competition and availability
B108: FALSE | C108: Agency has control over an independent selection of best qualified designer and contractor
G110: FALSE | H110: Working with only one contractor to develop GMP can limit price competition
B111: FALSE | C111: Contractor is part of the project team early on, creating a project “team”
G112: FALSE | H112: Requires a strong project manager from the agency
B113: FALSE | C113: Increased opportunity for innovation due to the diversity of the project team
G114: FALSE | H114: Teamwork and communication among the project team

Sheet Summary Form
B2: Project Delivery Selection Summary (Form M)
B3: Complete the summary form below, based on your general evaluations for the primary and secondary evaluation factors from Forms E-L.
B6: PROJECT DELIVERY METHOD OPPORTUNITY/OBSTACLE SUMMARY
G8: DBB | I8: DB | K8: CM/GC
B9: Primary Evaluation Factors | G9: =SUM(G10:H14) -> 0 | I9: =SUM(I10:J14) -> 0 | K9: =SUM(K10:L14) -> 0
B10: Delivery Schedule (Form E) | G10: ='Stage 2'!L9 -> 0 | I10: ='Stage 2'!L20 -> 0 | K10: ='Stage 2'!L36 -> 0
B11: Project Complexity/Innovation (Form F) | G11: ='Stage 2'!L59 -> 0 | I11: ='Stage 2'!L75 -> 0 | K11: ='Stage 2'!L90 -> 0
B12: Design Completion (Form G) | G12: ='Stage 2'!L109 -> 0 | I12: ='Stage 2'!L122 -> 0 | K12: ='Stage 2'!L140 -> 0
B13: Costs (Form H) | G13: ='Stage 2'!L159 -> 0 | I13: ='Stage 2'!L169 -> 0 | K13: ='Stage 2'!L186 -> 0
B14: Risks (Form I) | G14: ='Stage 2'!L206 -> 0 | I14: ='Stage 2'!L221 -> 0 | K14: ='Stage 2'!L239 -> 0
B15: Secondary Evaluation Factors | G15: =SUM(G16:H18) -> 0 | I15: =SUM(I16:J18) -> 0 | K15: =SUM(K16:L18) -> 0
B16: Staff Experience and Availability (Form J) | G16: ='Stage 3'!L9 -> 0 | I16: ='Stage 3'!L18 -> 0 | K16: ='Stage 3'!L30 -> 0
B17: Oversight and Control Levels (Form K) | G17: ='Stage 3'!L46 -> 0 | I17: ='Stage 3'!L58 -> 0 | K17: ='Stage 3'!L69 -> 0
B18: Competition and Contractor Experience (Form L) | G18: ='Stage 3'!L83 -> 0 | I18: ='Stage 3'!L94 -> 0 | K18: ='Stage 3'!L106 -> 0
